cohdb
Replays
Latest Replays
All Replays
Popular Replays
Top Player Replays
Match Explorer
How It Works
Community
CoH3 Stats
Reddit
Sign in to upload your games and track your stats! →
Sign in with Steam
Match 43743629
Unlisted
Match 43743629
Overview
Messages
Build Orders
End
Kradschützen Motorcycle Team
Selects Panzerjäger Kommand Battlegroup
Selects Mine Fields
Panzergrenadier Squad
250 Light Carrier
Panzergrenadier Squad
Construct Light Support Kompanie
Panzerjäger Mechanized Group
Fire Support Elements
Selects Tank Busters
Selects Tank Busters
Flakvierling Half-track
Vehicle Survival Package
2.5-tonne Medical Truck
MG34 Team
Construct Mechanized Kompanie
Selects Defensive Positions
StuG III D Assault Gun
Emergency Repair Kits
Selects Butterfly Bomb Drop
Selects Crew Shock Tactics
Theodosios
Barbarossa
0
0
Comments
sign in to comment!
No comments posted yet!